AoeStats
← Fsy

Black Forest

509696573Analyzed
3v3 RM · 3d ago on Sep 27, 2026· 19m 11s· 6 players
Game mode
Random Map
Map size
Normal (6 player)
Population
200
Speed
Normal
Resources
Standard
Victory
Conquest
Starting age
Dark Age
Ending age
Imperial Age
RankedLock teamsTeams togetherTeam positionsShared explorationLock speedFull tech treeHidden civsTurbo modeCheats
Victory
Defeat
🇹🇷 Spanish · Türkiye
764
+13
🇹🇷 Burmese · Türkiye
736
+14
🇹🇷 Goths · Türkiye
728
+14
🇷🇴 Romans · Romania
708
-14
🇫🇷 Britons · France
689
-15
🇫🇷 Burgundians · France
661
-12
LuKaLeJo
0:26 Loom
Xav314
kalou.gautier
13:16 Feudal Age
18:48 Castle Age
16:43 Horse Collar
16:52 Double-Bit Axe
18:35 Bow Saw
18:29 Heavy Plow
Beko
5:20 Loom
11:30 Feudal Age
11:59 Horse Collar
12:57 Wheelbarrow
18:48 Castle Age
16:51 Gold Mining
16:55 Stone Mining
19:34 Heavy Plow
Fsy
11:40 Feudal Age
12:06 Horse Collar
12:15 Double-Bit Axe
14:21 Wheelbarrow
13:50 Loom
14:44 Wheelbarrow
16:02 Man-at-Arms
AlliswereLVII
4:01 Loom
15:47 Feudal Age
17:11 Horse Collar
17:20 Double-Bit Axe
Connection lost

Rejoining the realm…

Still unreachable

The connection could not be restored.

Session expired

The server has moved on; the page needs a fresh start.